 Dungeon Crawl Stone Soup version 0.29.1-15-g9cfb28693d (webtiles) character file.

Game seed: 12110442753128105260

6 boopmooplesden the Covered (level 1, -28/20 HPs)
             Began as a Minotaur Fighter on Mar 12, 2023.
             Killed by an exploding hobgoblin (29 damage)
             ... ignited by their inner flame
             ... on level 1 of the Dungeon.
             The game lasted 00:00:26 (90 turns).

boopmooplesden the Covered (Minotaur Fighter)         Turns: 90, Time: 00:00:27

Health: -28/20     AC:  7    Str: 20    XL:     1   Next: 75%
Magic:  0/0        EV:  9    Int:  5    God:
Gold:   3          SH:  4    Dex:  9    Spells: 0/0 levels left

rFire   . . .      SeeInvis .   a - +0 war axe
rCold   . . .      Faith    .   c - +0 buckler
rNeg    . . .      Spirit   .   b - +0 scale mail
rPois   .          Reflect  .   (helmet restricted)
rElec   .          Harm     .   (no cloak)
rCorr   .          Rampage  .   (no gloves)
Will    .....                   (no boots)
Stlth   ..........              (no amulet)
HPRegen 0.06/turn               (no ring)
MPRegen 0.07/turn               (no ring)

@: no status effects
A: horns 2, retaliatory headbutt
a: no special abilities


You were on level 1 of the Dungeon.
You visited 1 branch of the dungeon, and saw 1 of its levels.

You collected 3 gold pieces.

Inventory:

Hand Weapons
 a - a +0 war axe (weapon)
Armour
 b - a +0 scale mail (worn)
 c - a +0 buckler (worn)
Potions
 d - a potion of might


   Skills:
 + Level 3.7 Fighting
 + Level 2.5 Axes
 + Level 3.8 Armour
 + Level 3.8 Shields


You couldn't memorise any spells.
You didn't know any spells.
Your spell library was empty.

Dungeon Overview and Level Annotations

Branches:
Dungeon (1/15)

Altars:

Shops:
D:1 [


Innate Abilities, Weirdness & Mutations

You have a pair of horns on your head.
You reflexively headbutt those who attack you in melee.


Message History

You block the rat's attack.
A rat comes into view.
The rat closely misses you. You furiously retaliate!
You headbutt the rat, but do no damage. The rat closely misses you.
The rat attacks as you move away! The rat closely misses you.
The rat attacks as you move away! The rat bites you but does no damage.
The rat attacks as you move away! The rat bites you but does no damage.
You slash the rat!
You kill the rat!
The rat twitches its whiskers.
You slash the kobold!
You kill the kobold!
You block the rat's attack.
The gnoll hits you from afar with a +0 spear.
You hit the rat but do no damage. Your headbutt misses the rat.
The gnoll barely misses you. The rat closely misses you.
You barely miss the rat.
The gnoll hits you from afar with a +0 spear.
The rat bites you but does no damage.
You hit the rat.
You kill the rat!
The gnoll hits you from afar with a +0 spear.
* * * LOW HITPOINT WARNING * * *
You block the gnoll's attack. The hobgoblin barely misses you.
You barely miss the hobgoblin.
The hobgoblin hits you but does no damage.
The gnoll hits you from afar with a +0 spear.
* * * LOW HITPOINT WARNING * * *
As you read the scroll labelled PYLI DATAQEW, it crumbles to dust.
The creatures around you are filled with an inner flame!
It was a scroll of immolation.
The hobgoblin hits you but does no damage.
The gnoll closely misses you.
You hit the hobgoblin.
Flame seeps out of the hobgoblin.
The hobgoblin is heavily wounded.
The hobgoblin is engulfed in blazing flames.
The hobgoblin explodes!
The fiery explosion engulfs you!!
Ouch! That really hurt!
You die...

#.............###.....#.
#..#...#.###...>.....###
#...#.#...###.#.....####
#....∩....###......#....
##..#.#...........###...
#.#...#..###....## ##..
#........# #...#.....#.
###.####.# #..###...###
#...@○§# #.## #.# #
######g# .. ##.#)#
##....### #....)..+
##....### ##.#.# #....#
.......


You could see a gnoll (inner flame).

Vanquished Creatures
  A giant cockroach (D:1)
  2 hobgoblins (D:1)
  2 kobolds (D:1)
  2 rats (D:1)
7 creatures vanquished.

Notes
Turn   | Place    | Note
-------+----------+-------------------------------------------
     0 | D:1      | boopmooplesden the Minotaur Fighter began the quest for the
                  | Orb.
     0 | D:1      | Reached XP level 1. HP: 19/19 MP: 0/0
    52 | D:1      | Found Lihukluo's Antique Armour Emporium.
    86 | D:1      | HP: 1/20 [gnoll/+0 spear (4)]
    90 | D:1      | Killed by an exploding hobgoblin... ignited by their inner
                  | flame

Illustrated notes

Levels and vault maps discovered:
D:1:      onia_arrival_pyramid, layout_loops_corners,
          chequers_ecumenical_altar_lobes, serial_shops,
          nicolae_shop_advertising_works [nicolae_subvault_shop_adworks],
          minmay_ruptured

Action                   || total
-------------------------++-------
Melee: War axe           ||    12
       Headbutt          ||     1
  Use: Scroll            ||     1
Armor: Scale mail        ||     7
Dodge: Dodged            ||     9
Block: Buckler           ||     5
